 Dungeon Crawl Stone Soup version 0.22.1-1-ga44c0e5 (webtiles) character file.

107 inc the Scratcher (level 4, 21/21 HPs)
             Began as a Felid Fighter on Oct 27, 2018.
             Quit the game on level 4 of the Dungeon.
             The game lasted 00:03:05 (3421 turns).

inc the Scratcher (Felid Fighter)                   Turns: 3421, Time: 00:03:05

Health: 21/21      AC:  1    Str: 12    XL:     4   Next: 56%
Magic:  5/5        EV: 19    Int: 10    God:
Gold:   144        SH:  0    Dex: 16    Spells: 3/3 levels left
                                        Lives:  0   Deaths: 1

rFire    . . .     SeeInvis +     - Unarmed
rCold    . . .     Gourm    .   (shield unavailable)
rNeg     . . .     Faith    .   (armour unavailable)
rPois    .         Spirit   .   (helmet unavailable)
rElec    .         Reflect  .   (cloak unavailable)
rCorr    .         Harm     .   (gloves unavailable)
MR       .....                  (boots unavailable)
Stlth    ++........             (no amulet)
HPRegen  0.07/turn              (no ring)
MPRegen  0.09/turn              (no ring)

@: quick
A: very small, no armour, no weapons or thrown items, stealth, claws 1, fangs 3,
see invisible, carnivore, speed 1, shaggy fur 1, slow metabolism 1, sharp paws
a: no special abilities


You were on level 4 of the Dungeon.
You were not hungry.

You visited 1 branch of the dungeon, and saw 4 of its levels.

You collected 144 gold pieces.

Inventory:

Jewellery
 f - an uncursed amulet of the gourmand
Wands
 g - a wand of clouds (6)
Scrolls
 c - a scroll of random uselessness {unknown}
 d - 7 scrolls of identify {unknown}
 e - 2 scrolls of amnesia {unknown}
 i - 6 scrolls of remove curse {unknown}
 k - a scroll of fog {unknown}
 o - a scroll of teleportation {unknown}
 q - a scroll of noise {unknown}
 r - a scroll of blinking {unknown}
Potions
 a - a potion of might
 h - a potion of agility
 j - a potion of brilliance {unknown}
 l - a potion of heal wounds
 m - 2 potions of curing {unknown}
 n - a potion of lignification {unknown}
 p - a potion of invisibility {unknown}
Comestibles
 b - 3 rations


   Skills:
 - Level 3.0 Fighting
 - Level 4.0 Dodging
 + Level 6.9 Unarmed Combat


You had 3 spell levels left.
You didn't know any spells.
Your spell library was empty.

Dungeon Overview and Level Annotations

Branches:
Dungeon (4/15)
 Temple: D:4-7

Altars:
Kikubaaqudgha
Sif Muna
Xom

Annotations:
D:2 2 transporters
D:4 Ijyb, Sigmund


Innate Abilities, Weirdness & Mutations

You cannot wear armour.
You are incapable of wielding weapons or throwing items.
Your paws allow you to move quietly. (Stealth)
You have sharp claws.
You have razor-sharp teeth.
You have supernaturally acute eyesight. (SInv)
You are carnivorous and can eat meat at any time.
You cover ground quickly.
You are covered in fur. (AC +1)
You have a slow metabolism.
Your sharp claws are effective at attacking unaware monsters.


Message History

A gnoll comes into view. It is wielding a flail.
You scratch Ijyb.
Ijyb is moderately wounded.
Ijyb hits you with a club.
You scratch Ijyb but do no damage. You bite Ijyb, but do no damage.
Ijyb is lightly wounded.
Ijyb hits you with a club.
You closely miss Ijyb.
Ijyb is lightly wounded.
Ijyb completely misses you. Ijyb closely misses you.
You scratch Ijyb but do no damage.
Ijyb is lightly wounded.
Ijyb hits you with a club.
You feel very mighty all of a sudden. Ijyb misses you.
The gnoll hits you from afar with a halberd!
You die...
You are now level 4!
You rejoin the land of the living...
Are you sure you want to abandon this character and quit the game? (Confirm

###..# ###### ## ..#..# #####
#. #.#..#####...### #.
#.#............# #.
#.#............# #.
#.##...###...##########.
###.#.....................
#####...#....###...###########
#............@##...# #
#.###.############.# # #<#
#... ##_## ### # ### #####
8...8# # #.....# # 8.....8 #
##.....## ###### #8...8#
...... ......


There were no monsters in sight!

Vanquished Creatures
  An ogre (D:4)
  A bullfrog skeleton (D:4)
  A worker ant (D:3)
  2 adders
  3 worms
  A dart slug (D:3)
  3 leopard geckos
  An orc (D:4)
  A ball python (D:4)
  7 bats
  4 giant cockroaches
  6 goblins
  4 hobgoblins
  6 kobolds
  2 frilled lizards
  A quokka skeleton (D:4)
  4 rats
48 creatures vanquished.

Notes
Turn   | Place    | Note
-------+----------+-------------------------------------------
     0 | D:1      | inc the Felid Fighter began the quest for the Orb.
     0 | D:1      | Reached XP level 1. HP: 10/10 MP: 2/2
   365 | D:1      | Reached XP level 2. HP: 7/14 MP: 3/3
  1558 | D:2      | Found a shimmering altar of Xom.
  1560 | D:2      | Found a transporter.
  1561 | D:2      | Noticed a hippogriff
  1567 | D:2      | Found a transporter.
  1632 | D:2      | Reached skill level 5 in Unarmed Combat
  1632 | D:2      | Reached XP level 3. HP: 9/17 MP: 4/4
  2651 | D:3      | Reached XP level 4. HP: 21/21 MP: 5/5
  2883 | D:4      | Found an ancient bone altar of Kikubaaqudgha.
  2929 | D:4      | Reached skill level 6 in Unarmed Combat
  3256 | D:4      | Found a deep blue altar of Sif Muna.
  3284 | D:4      | Noticed an ogre
  3293 | D:4      | Killed an ogre
  3293 | D:4      | Reached XP level 5. HP: 17/24 MP: 6/6
  3381 | D:4      | Noticed Sigmund
  3409 | D:4      | Noticed Ijyb
  3420 | D:4      | Slain by a gnoll
  3421 | D:4      | Reached XP level 4. HP: 0/21 MP: 5/5
  3421 | D:4      | Quit the game

Skill      XL: |  1  2  3  4 |
---------------+-------------+-----
Unarmed Combat | 5 6 |  6.9
Fighting       | |  3.0
Dodging        | |  4.0

Action                   |  1- 3 |  4- 6 || total
-------------------------+-------+-------++-------
Melee: Unarmed           |   110 |    46 ||   156
       Bite              |     8 |     4 ||    12
       Punch             |       |     1 ||     1
  Use: Potion            |     2 |     1 ||     3
 Stab: Sleeping          |     7 |     1 ||     8
  Eat: Chunk             |     1 |     3 ||     4
Armor: Skin              |     5 |       ||     5
Dodge: Dodged            |    91 |    31 ||   122
